 Dungeon Crawl Stone Soup version 0.22-a0-305-gd21a89c (webtiles) character file.

71 grindst0ne the Cutter (level 4, -3/29 HPs)
             Began as a Kobold Berserker on Mar 28, 2018.
             Was a Follower of Trog.
             Slain by a goblin
             ... wielding a +0 club
             ... led by Robin
              (6 damage)
             ... on level 2 of the Dungeon.
             The game lasted 00:01:54 (1466 turns).

grindst0ne the Cutter (Kobold Berserker)            Turns: 1466, Time: 00:01:55

Health: -3/29      AC:  5    Str: 14    XL:     4   Next: 47%
Magic:  4/4        EV: 15    Int:  9    God:    Trog [*.....]
Gold:   20         SH:  0    Dex: 14    Spells: 3/3 levels left

rFire    . . .     SeeInvis .   a - +0 short sword
rCold    + . .     Gourm    .   (shield restricted)
rNeg     . . .     Faith    .   j - +0 leather armour
rPois    .         Spirit   .   (no helmet)
rElec    .         Reflect  .   (no cloak)
rCorr    .         Harm     .   (no gloves)
MR       +....                  (no boots)
Stlth    +.........             (no amulet)
HPRegen  0.09/turn              i - ring of protection from cold
MPRegen  0.09/turn              (no ring)

@: berserk cooldown, slowed, very slow
A: small, iridescent scales 1, carnivore, magic resistance 1
a: Berserk, Renounce Religion


You were on level 2 of the Dungeon.
You worshipped Trog.
Trog was aware of your devotion.
You were very full.

You visited 1 branch of the dungeon, and saw 2 of its levels.

You collected 20 gold pieces.

Inventory:

Hand Weapons
 a - a +0 short sword (weapon)
Armour
 b - a +0 animal skin
 j - a +0 leather armour (worn)
Jewellery
 i - a ring of protection from cold (left hand)
Scrolls
 d - a scroll of fear {unknown}
 e - 2 scrolls of blinking {unknown}
Potions
 g - a potion of magic {unknown}
Comestibles
 c - 2 rations
 h - a chunk of flesh


   Skills:
 + Level 4.1 Fighting
 + Level 5.0 Short Blades
 - Level 1.5 Armour
 + Level 3.5 Dodging


You had 3 spell levels left.
You didn't know any spells.

Dungeon Overview and Level Annotations

Branches:
Dungeon (2/15)

Altars:

Annotations:
D:2 Robin


Innate Abilities, Weirdness & Mutations

You are small and have problems with some larger weapons.
You are carnivorous and can eat meat at any time.
You are partially covered in iridescent scales. (AC +2)
You are resistant to hostile enchantments. (MR+)


Message History

Iridescent scales grow over part of your body.
The goblin completely misses you. The goblin closely misses you.
The goblin misses you. x2; The goblin closely misses you.
The goblin barely misses you. The goblin closely misses you.
You hit Robin but do no damage.
Robin is heavily wounded.
Robin hits you but does no damage. The goblin barely misses you.
The goblin hits you but does no damage. The goblin barely misses you.
The goblin hits you but does no damage. The goblin misses you.
Robin closely misses you. The goblin hits you with a club.
* * * LOW HITPOINT WARNING * * *
The goblin barely misses you.
You hit Robin.
Robin is severely wounded.
The goblin no longer looks unusually strong.
The goblin barely misses you. The goblin closely misses you.
The goblin hits you with a club.
* * * LOW HITPOINT WARNING * * *
The goblin misses you. The goblin hits you with a club.
You die...

.#........... g. #
.#.####...#. #. . .#
.#.####...# #. #...#
..........# #. #.#..###
...####.. #.#._.#....
...# #. #..#.#..... ..##
#.. #...#......
..#####..##.###ggg.......
...............g@gr'.....
..####...##.####g###.....
..............##g# ..
..####..#.###.##.#
.................#######
..####....###.#........#
..####..#.###.#........#
....).รท.......#........#
.#####..#+#####........#


You could see Robin, 6 goblins and a rat.

Vanquished Creatures
  3 adders (D:2)
  2 oozes
  A dart slug (D:2)
  A leopard gecko (D:1)
  2 bats
  6 goblins
  6 hobgoblins
  2 frilled lizards (D:1)
  4 kobolds
  6 rats
33 creatures vanquished.

Notes
Turn   | Place    | Note
-------+----------+-------------------------------------------
     0 | D:1      | grindst0ne the Kobold Berserker began the quest for the Orb.
     0 | D:1      | Reached XP level 1. HP: 14/14 MP: 1/1
   374 | D:1      | Reached XP level 2. HP: 19/19 MP: 2/2
   653 | D:1      | Reached XP level 3. HP: 24/24 MP: 3/3
  1087 | D:2      | HP: 1/24 [poisoned by an adder]
  1376 | D:2      | Reached XP level 4. HP: 29/29 MP: 4/4
  1416 | D:2      | Found a faded altar of an unknown god.
  1423 | D:2      | Noticed Robin
  1452 | D:2      | Reached skill level 5 in Short Blades
  1464 | D:2      | Gained mutation: You are resistant to hostile enchantments. (MR+) [potion of mutation]
  1464 | D:2      | Gained mutation: You are partially covered in iridescent scales. (AC +2) [potion of mutation]
  1466 | D:2      | Slain by a goblin

Vault maps used:
D:1:      giann_wishing_wells
D:2:      chequers_ecumenical_altar_simple_redux, uniq_robin, uniq_jessica

Skill      XL: |  1  2  3  4 |
---------------+-------------+-----
Dodging        | 3 |  3.5
Fighting       | 4 |  4.1
Short Blades   | 5 |  5.0
Armour         | |  1.5

Action                   |  1- 3 |  4- 6 || total
-------------------------+-------+-------++-------
Melee: Short sword       |   105 |    34 ||   139
Invok: Berserk           |     1 |     1 ||     2
  Use: Potion            |       |     1 ||     1
  Eat: Chunk             |    11 |       ||    11
Armor: Animal skin       |     5 |       ||     5
       Leather armour    |     5 |    11 ||    16
Dodge: Dodged            |    66 |    59 ||   125

Table legend:
 A = Spawn XP
 B = Non-spawn XP
 C = Spawn XP percentage of total XP
 D = Spawn monster count
 E = Non-spawn monster count
 F = Spawn count percentage of total count
 G = Total turns spent on level
                    A         B        C        D         E        F      G
               +---------+---------+-------+---------+---------+-------+---------
         Total |       0 |     102 |   0.0 |       0 |      33 |   0.0 |  1466
               +---------+---------+-------+---------+---------+-------+---------
           D:1 |       0 |      33 |   0.0 |       0 |      17 |   0.0 |  1009
           D:2 |       0 |      69 |   0.0 |       0 |      16 |   0.0 |   457
               +---------+---------+-------+---------+---------+-------+---------
